 Dungeon Crawl Stone Soup version 0.30-a0-121-gb27577e5d9 (webtiles) character file.

Game seed: 4629976195536214226

37784 Pooter the Severer (level 13, -14/116 HPs)
             Began as a Minotaur Monk on Sept 15, 2022.
             Was an Elder of Okawaru.
             Demolished by Donald
             ... wielding a +0 double sword
              (21 damage)
             ... in the Arena.
             The game lasted 01:21:00 (16952 turns).

Pooter the Severer (Minotaur Monk)                 Turns: 16952, Time: 01:21:00

Health: -14/116    AC: 24    Str: 19    XL:     13   Next: 60%
Magic:  7/20       EV:  8    Int: 12    God:    Okawaru [****..]
Gold:   744        SH:  5    Dex: 13    Spells: 12/12 levels left

rFire   + . .      SeeInvis .    a - +7 battleaxe
rCold   . . .      Faith    .    (shield currently unavailable)
rNeg    + + .      Spirit   .    O - +1 plate armour
rPois   .          Reflect  +    (helmet restricted)
rElec   .          Harm     .    K - +2 cloak {rCorr}
rCorr   +          Rampage  .    h - +2 pair of gloves {infuse}
Will    ++++.                    y - +0 pair of boots of Kaufono {+Blink rN++ Will+}
Stlth   ..........               V - amulet of reflection
HPRegen 0.29/turn                X - +4 ring of slaying
MPRegen 0.17/turn                F - ring "Ritimuv" {rF+ Will+++ AC+4 Int+5 Dex-2}

@: heroic, duelling
A: horns 2, retaliatory headbutt
a: Renounce Religion, Evoke Blink, Heroism, Finesse


You were in the Arena.
You worshipped Okawaru.
Okawaru was greatly pleased with you.
You visited 3 branches of the dungeon, and saw 13 of its levels.
You also visited: Bailey.

You collected 2465 gold pieces.
You spent 1721 gold pieces at shops.

Inventory:

Hand Weapons
 a - a +7 battleaxe (weapon)
   (You took it off an orc warlord in a bailey)
 b - a +0 arbalest
   (You took it off an orc warrior on level 1 of the Orcish Mines)
 r - a +2 vampiric hand axe
   (You took it off Terence on level 2 of the Dungeon)
 S - a +2 war axe of flaming
   (You took it off Maggie on level 6 of the Dungeon)
Missiles
 d - 38 boomerangs (quivered)
 L - 2 throwing nets {!f}
 M - 31 poisoned darts
 Q - 84 stones
 W - 7 curare-tipped darts
 Z - 2 boomerangs of dispersal {!f}
Armour
 h - a +2 pair of gloves of infusion (worn)
   (You bought it in a shop on level 1 of the Dungeon)
 y - the +0 pair of boots of Kaufono (worn) {+Blink rN++ Will+}
   (You bought it in a shop on level 1 of the Dungeon)

   rN:        It greatly protects you from negative energy.
   +Blink:    It lets you blink.
   Will:      It increases your willpower.
 A - a +0 pair of gloves
   (You found it on level 3 of the Dungeon)
 D - a +0 buckler
   (You found it on level 3 of the Dungeon)
 K - a +2 cloak of preservation (worn)
   (You found it on level 8 of the Dungeon)
 O - a +1 plate armour (worn)
   (You found it in a bailey)
Jewellery
 e - an amulet of magic regeneration
   (You found it on level 1 of the Dungeon)
 q - a +5 ring of strength
   (You bought it in a shop on level 5 of the Dungeon)
 F - the ring "Ritimuv" (right hand) {rF+ Will+++ AC+4 Int+5 Dex-2}
   (You bought it in a shop on level 5 of the Dungeon)

   [ring of protection]

   AC:        It affects your AC (+4).
   Int:       It affects your intelligence (+5).
   Dex:       It affects your dexterity (-2).
   rF:        It protects you from fire.
   Will:      It greatly increases your willpower.
 G - an amulet of guardian spirit
   (You found it on level 9 of the Dungeon)
 I - a ring of protection from cold
   (You found it on level 1 of the Dungeon)
 T - the amulet of the Air {Inacc Air Fly rElec RMsl}
   (You found it in a bailey)

   [amulet of nothing]

   It reduces the accuracy of all your attacks.
   It enhances your air magic.
   rElec:     It insulates you from electricity.
   Fly:       It grants you flight.
   RMsl:      It protects you from missiles.
 V - an amulet of reflection (around neck)
   (You found it on level 8 of the Dungeon)
 X - a +4 ring of slaying (left hand)
   (You found it on level 6 of the Dungeon)
Wands
 f - a wand of flame (16)
   (You took it off Sigmund on level 3 of the Dungeon)
 x - a wand of acid (12)
   (You found it on level 4 of the Dungeon)
 H - a wand of roots (15)
   (You took it off Maggie on level 6 of the Dungeon)
 J - a wand of polymorph (12)
   (You found it on level 6 of the Dungeon)
 N - a wand of mindburst (7)
   (You found it on level 7 of the Dungeon)
Scrolls
 c - 2 scrolls of blinking
 o - 2 scrolls of fear
 u - 3 scrolls of immolation {!r}
Potions
 g - 2 potions of curing {@q1}
 i - 2 potions of flight {unknown}
 j - a potion of cancellation {unknown}
 k - 6 potions of lignification {!q}
 m - a potion of brilliance
 p - 2 potions of resistance {unknown}
 s - a potion of haste {unknown}
 v - a potion of attraction {unknown}
 w - 6 potions of magic {unknown}
 z - 4 potions of ambrosia
 E - 2 potions of heal wounds {unknown}
 Y - a potion of berserk rage {unknown}


   Skills:
 + Level 11.3(16.3) Fighting
 - Level 16.9(21.9) Axes
 * Level 6.6(11.6) Ranged Weapons
 + Level 6.8(11.8) Throwing
 - Level 3.2(8.2) Dodging
 - Level 1.5(6.5) Stealth
 + Level 10.7 Invocations
 + Level 7.5 Evocations


You had 12 spell levels left.
You didn't know any spells.
Your spell library contained the following spells:

 Spells                   Type           Power      Damage    Failure   Level
 Magic Dart               Conj           0%         1d3       100%        1
 Necrotise                Necr           0%         1d4       100%        1
 Sandblast                Erth           0%         2d4       100%        1
 Passwall                 Tmut/Erth      0%         N/A       100%        2
 Searing Ray              Conj           0%         2d4       100%        2
 Mephitic Cloud           Conj/Pois/Air  0%         N/A       100%        3
 Stone Arrow              Conj/Erth      0%         3d7       100%        3
 Vampiric Draining        Necr           0%         2d6       100%        3
 Fulminant Prism          Conj/Hex       0%         3d6       100%        4
 Agony                    Necr           0%         N/A       100%        5
 Call Imp                 Summ           Unusable   N/A       N/A         2

Dungeon Overview and Level Annotations

Branches:
Dungeon (10/15)            Temple (1/1) D:4            Lair (0/5) D:8
    Orc (2/2) D:10            Elf (0/3) Orc:2        Bailey (visited)

Altars:
Ashenzari
Cheibriados
Dithmenos
Elyvilon
Fedhas
Gozag
Hepliaklqana
Kikubaaqudgha
Makhleb
Nemelex Xobeh
Okawaru
Qazlal
Ru
Sif Muna
Trog
Uskayaw
Vehumet
Wu Jian
Xom
Yredelemnul
Zin
The Shining One

Shops:
D:1 *   D:5 =

Annotations:
Arena Donald


Innate Abilities, Weirdness & Mutations

You have a pair of horns on your head.
You reflexively headbutt those who attack you in melee.


Message History

Okay, then.
Unknown command.
a - a +7 battleaxe (weapon)
Donald shouts!
Aim: Donald, wielding a +0 double sword, wearing a +4 plate armour of willpower and wearing a +0 kite shield of reflection (reflecting blocked projectiles)
You enter into single combat with Donald!
The world spins around you as you enter the gateway.
You enter Okawaru's Arena!
You can no longer enter into single combat with a foe.
Okawaru will no longer gift you equipment.
The spectator shouts! x8
Donald gestures wildly while chanting.
Donald seems to speed up.
Found a gate leading back out of this place.
There is an empty arch of ancient stone here.
You gain the combat prowess of a mighty hero.
Donald hits you with a +0 double sword! Donald hits you with a +0 double sword.
You slash Donald! Donald barely misses you. You furiously retaliate!
You headbutt Donald, but do no damage. You slash Donald!
* * * LOW MAGIC WARNING * * *
You headbutt Donald, but do no damage.
Donald gestures wildly while chanting.
Donald seems to grow stronger.
Donald blocks your attack. Donald hits you with a +0 double sword.
You slash Donald!
* * * LOW MAGIC WARNING * * *
Donald hits you with a +0 double sword. Donald blocks your attack.
Donald hits you with a +0 double sword!!
Donald blocks your attack.
You headbutt Donald.
Donald hits you with a +0 double sword!!
* * * LOW HITPOINT WARNING * * *
Donald blocks your attack.
You headbutt Donald.
Donald hits you with a +0 double sword!!
* * * LOW HITPOINT WARNING * * *
Donald blocks your attack.
You headbutt Donald, but do no damage. Donald hits you but does no damage.
You slash Donald!
* * * LOW MAGIC WARNING * * *
Donald barely misses you.
Donald blocks your attack. x2; Donald hits you but does no damage.
You slash Donald!
* * * LOW MAGIC WARNING * * *
Donald blocks your attack. Donald hits you with a +0 double sword!
* * * LOW HITPOINT WARNING * * *
Donald blocks your attack.
Donald hits you with a +0 double sword!!
You die...
Okawaru crowns Donald victorious!

###########
#..ppppp..#
#.▓▓▓▓▓▓▓.#
#p▓.....▓.#
#▓▓.....▓p#
#∩▓..@..▓p#
#▓▓..@..▓p#
#p▓.....▓p#
#.▓▓▓▓▓▓▓.#
#..pppp...#
###########


You could see Donald (fast, strong, reflecting).

Vanquished Creatures
  Jorgrun (Arena)
  2 orc warlords
  Snorg (Orc:2)
  Josephine (Orc:2)
  Erolcha (D:9)
  A two-headed ogre (D:8)
  2 orc high priests (Orc:2)
  The ghost of Gentlefood the Basher, a novice DrBe of Trog (D:8)
  Pikel (D:7)
  2 orc knights (Orc:2)
  3 orc sorcerers (Orc:2)
  2 cyclopes
  Maggie (D:6)
  Psyche (D:8)
  5 trolls
  Grinder (D:6)
  Prince Ribbit (D:5)
  A shadow (D:10)
  Sigmund (D:3)
  8 yaks
  A vampire (D:10)
  3 wyverns (D:9)
  4 wraiths
  2 steam dragons (D:8)
  An acid dragon (D:10)
  A warg (D:8)
  2 water moccasins
  A sky beast (D:6)
  29 orc warriors
  3 ice beasts
  A black bear (D:6)
  3 ogres
  3 lemures (D:7)
  A phantom (D:5)
  5 kobold brigands
  2 necrophages
  3 bullfrogs
  2 scorpions (D:6)
  A gnoll sergeant (D:7)
  A wight (D:9)
  7 killer bees (D:9)
  3 howler monkeys
  19 orc priests
  Crazy Yiuf (D:7)
  3 hounds (D:5)
  2 jellies
  4 gnoll boudas
  Jessica (D:2)
  Terence (D:2)
  Natasha (thrice) (D:4)
  5 iguanas
  30 orc wizards
  21 gnolls
  5 adders
  2 shadow imps
  4 white imps
  5 worms
  2 dart slugs
  71 orcs
  9 endoplasms
  4 giant cockroaches
  10 hobgoblins
  2 jackals (D:4)
  9 quokkas
  11 ball pythons
  8 bats
  A frilled lizard (D:1)
  18 goblins
  32 kobolds
  10 rats
409 creatures vanquished.

Vanquished Creatures (others)
  5 fungi (D:7)
5 creatures vanquished.

Grand Total: 414 creatures vanquished

Notes
Turn   | Place    | Note
-------+----------+-------------------------------------------
     0 | D:1      | Pooter the Minotaur Monk began the quest for the Orb.
     0 | D:1      | Reached XP level 1. HP: 19/19 MP: 0/0
   273 | D:1      | Reached skill level 4 in Axes
   327 | D:1      | Reached XP level 2. HP: 21/27 MP: 1/1
   675 | D:1      | Found Tiesk's Assorted Antiques.
   857 | D:1      | Found a faded altar of an unknown god.
  1005 | D:2      | Noticed Jessica
  1277 | D:2      | Killed Jessica
  1278 | D:2      | Reached skill level 1 in Throwing
  1278 | D:2      | Reached XP level 3. HP: 21/33 MP: 2/2
  1543 | D:2      | Reached skill level 5 in Axes
  1698 | D:2      | Reached XP level 4. HP: 39/41 MP: 3/3
  1986 | D:2      | Noticed Terence
  2028 | D:2      | Killed Terence
  2506 | D:3      | Noticed Sigmund
  2615 | D:3      | Reached XP level 5. HP: 46/47 MP: 4/4
  3202 | D:4      | Reached skill level 6 in Axes
  3227 | D:4      | Reached skill level 5 in Fighting
  3365 | D:4      | Reached XP level 6. HP: 49/56 MP: 5/5
  3447 | D:4      | Noticed Natasha
  3452 | D:4      | Killed Natasha
  3547 | D:4      | Found a staircase to the Ecumenical Temple.
  3583 | Temple   | Entered the Ecumenical Temple
  3583 | Temple   | Noticed a ynoxinul
  3583 | Temple   | Noticed a reaper
  3583 | Temple   | Noticed a Brimstone Fiend
  3583 | Temple   | Noticed an Ice Fiend
  3584 | Temple   | Noticed a balrug
  3584 | Temple   | Noticed Rymynt the pandemonium lord
  3584 | Temple   | Noticed a green death
  3584 | Temple   | Noticed Daresine the pandemonium lord
  3584 | Temple   | Noticed a red devil
  3585 | Temple   | Noticed an Ice Fiend
  3586 | Temple   | Noticed Setuhid the pandemonium lord
  3587 | Temple   | Noticed a Tzitzimitl
  3588 | Temple   | Noticed Vuamiss the pandemonium lord
  3627 | Temple   | Noticed an Ice Fiend
  3628 | Temple   | Noticed a soul eater
  3628 | Temple   | Noticed Raugyqycs the pandemonium lord
  3629 | Temple   | Noticed a Hell Sentinel
  3644 | Temple   | Noticed an ice devil
  3646 | Temple   | Noticed Xaseun the pandemonium lord
  3647 | Temple   | Noticed a green death
  3648 | Temple   | Noticed an ice devil
  3677 | Temple   | Became a worshipper of Warmaster Okawaru
  3677 | Temple   | Reached * piety under Okawaru
  3677 | Temple   | Reached ** piety under Okawaru
  3753 | D:4      | You fall into a shaft and drop 2 floors!
  3835 | D:5      | Entered Level 5 of the Dungeon
  3957 | D:4      | Noticed Natasha
  3959 | D:4      | Killed Natasha
  3960 | D:4      | Reached skill level 7 in Axes
  4040 | D:4      | Noticed Natasha
  4048 | D:4      | Killed Natasha
  4306 | D:1      | Bought a pair of translucent boots for 199 gold pieces
  4306 | D:1      | Identified the +0 pair of boots of Kaufono {+Blink rN++
                  | Will+} (You bought it in a shop on level 1 of the Dungeon)
  4384 | D:3      | Killed Sigmund
  4385 | D:3      | Reached skill level 1 in Invocations
  4385 | D:3      | Reached skill level 1 in Evocations
  4385 | D:3      | Reached XP level 7. HP: 38/62 MP: 6/6
  4822 | D:1      | Bought a scroll labelled FAMAYS XODE for 21 gold pieces
  4919 | D:4      | Reached skill level 8 in Axes
  5084 | D:1      | Bought a scroll labelled FUDICI ERAH for 21 gold pieces
  5687 | D:1      | Bought a scroll labelled OMOXYI VAMM for 21 gold pieces
  6093 | D:5      | Noticed Prince Ribbit
  6112 | D:5      | Killed Prince Ribbit
  6112 | D:5      | Reached *** piety under Okawaru
  6113 | D:5      | Reached skill level 9 in Axes
  6113 | D:5      | Reached XP level 8. HP: 48/71 MP: 7/9
  6222 | D:5      | Found Ymniojy's One-of-a-Kind Rings.
  6236 | D:5      | Identified a scroll of acquirement
  6237 | D:5      | Acquired 1057 gold pieces
  6363 | D:1      | Bought a clear potion for 18 gold pieces
  6363 | D:1      | Bought a scroll labelled VOUV YSA DIMODAAS for 21 gold
                  | pieces
  6363 | D:1      | Bought a pair of glowing gloves for 157 gold pieces
  6494 | D:5      | Bought a +5 ring of strength for 252 gold pieces
  7034 | D:6      | Noticed Grinder
  7048 | D:6      | Killed Grinder
  7049 | D:6      | Reached skill level 10 in Axes
  7112 | D:6      | Noticed Maggie
  7120 | D:6      | Killed Maggie
  7120 | D:6      | Reached **** piety under Okawaru
  7121 | D:6      | Reached XP level 9. HP: 66/80 MP: 5/11
  7678 | D:5      | Found a basalt altar of Yredelemnul.
  7678 | D:5      | Found a snail-covered altar of Cheibriados.
  7678 | D:5      | Found a shadowy altar of Dithmenos.
  7678 | D:5      | Found a burning altar of Makhleb.
  7780 | D:7      | Noticed Pikel
  7790 | D:7      | Killed Pikel
  7791 | D:7      | Reached skill level 11 in Axes
  7807 | D:7      | Noticed a cyclops
  7976 | D:7      | Reached skill level 5 in Invocations
  8304 | D:7      | Found a white marble altar of Elyvilon.
  8365 | D:7      | Killed a cyclops
  8366 | D:7      | Reached skill level 12 in Axes
  8366 | D:7      | Reached skill level 5 in Evocations
  8366 | D:7      | Reached XP level 10. HP: 90/90 MP: 9/13
  8529 | D:7      | Found a glowing silver altar of Zin.
  8675 | D:7      | Found an opulent altar of Gozag.
  9047 | D:7      | Found a runed translucent door.
  9048 | D:7      | Noticed Crazy Yiuf
  9054 | D:7      | Killed Crazy Yiuf
  9144 | D:8      | Noticed Maurice
  9146 | D:8      | Noticed Maurice
  9146 | D:8      | Maurice changed into Maurice the warg
  9151 | D:8      | Killed Maurice the warg
  9205 | D:8      | Noticed a two-headed ogre
  9209 | D:8      | Killed a two-headed ogre
  9218 | D:8      | Found a flagged portal.
  9228 | Bailey   | Entered a bailey
  9256 | Bailey   | Noticed an orc warlord
  9256 | Bailey   | Found the amulet of the Air {Inacc Air Fly rElec RMsl}
  9300 | Bailey   | Reached ***** piety under Okawaru
  9360 | Bailey   | Noticed an orc knight
  9371 | Bailey   | Noticed a cyclops
  9371 | Bailey   | an orc knight changed into a cyclops
  9377 | Bailey   | Killed a cyclops
  9417 | Bailey   | Found a runed translucent gate.
  9419 | Bailey   | Found a runed translucent gate.
  9421 | Bailey   | Reached skill level 15 in Axes
  9421 | Bailey   | Reached XP level 11. HP: 97/97 MP: 13/16
  9426 | Bailey   | Found a runed translucent gate.
  9483 | Bailey   | Killed an orc warlord
  9521 | Bailey   | Reached skill level 16 in Axes
  9521 | Bailey   | Reached XP level 12. HP: 106/106 MP: 16/18
  9746 | D:8      | Found a glowing silver altar of Zin.
  9748 | D:8      | Found a sacrificial altar of Ru.
  9748 | D:8      | Found a shimmering altar of Xom.
  9750 | D:8      | Found a blossoming altar of Fedhas.
  9750 | D:8      | Found a hide-covered altar of Uskayaw.
  9750 | D:8      | Found a blossoming altar of Fedhas.
  9877 | D:8      | Noticed Gentlefood's ghost (novice DrBe)
  9969 | D:8      | Found a runed translucent gate.
  9969 | D:8      | Found a runed translucent gate.
  9969 | D:8      | Found a runed translucent gate.
 10238 | D:8      | Found a staircase to the Lair.
 10253 | D:8      | Noticed Psyche
 10258 | D:8      | Killed Psyche
 10493 | D:8      | Reached skill level 1 in Ranged Weapons
 10493 | D:8      | Killed Gentlefood's ghost
 10799 | D:9      | Reached skill level 10 in Fighting
 10817 | D:9      | Reached skill level 5 in Throwing
 10844 | D:9      | Received a gift from Okawaru
 11456 | D:9      | Noticed Erolcha
 11468 | D:9      | Killed Erolcha
 11781 | D:9      | Found an ancient bone altar of Kikubaaqudgha.
 11782 | D:9      | Found a glowing golden altar of the Shining One.
 11868 | D:10     | Entered Level 10 of the Dungeon
 11949 | D:10     | Reached skill level 10 in Invocations
 12090 | D:10     | Found a staircase to the Orcish Mines.
 12099 | Orc:1    | Entered Level 1 of the Orcish Mines
 12099 | Orc:1    | Noticed Jorgrun
 12105 | Arena    | Entered the Arena
 12114 | Arena    | Killed Jorgrun
 12115 | Arena    | Reached XP level 13. HP: 72/114 MP: 3/19
 12675 | D:5      | Bought the ring "Ritimuv" {rF+ Will+++ AC+4 Int+5 Dex-2}
                  | for 1011 gold pieces
 12984 | Orc:2    | Entered Level 2 of the Orcish Mines
 13024 | Orc:2    | Found Dexych's Jewellery Shoppe.
 13076 | Orc:2    | Noticed Josephine
 13086 | Orc:2    | Killed Josephine
 13798 | Orc:2    | Found a staircase to the Elven Halls.
 13900 | Orc:2    | Reached skill level 5 in Ranged Weapons
 14743 | Orc:2    | Noticed Snorg
 14754 | Orc:2    | Killed Snorg
 14761 | Orc:2    | Noticed Donald
 14765 | Orc:2    | Noticed an orc warlord
 14923 | Orc:2    | Received a gift from Okawaru
 15704 | Orc:2    | Killed an orc warlord
 16939 | Arena    | Entered the Arena
 16952 | Arena    | Demolished by Donald

Illustrated notes

Levels and vault maps discovered:
D:1:      nicolae_arrival_memento_mori, layout_rooms, serial_shops, shop,
          serial_glass, glass_columns_b, glass_columns_a, glass_columns_a,
          glass_columns_c, glass_columns_a, glass_columns_a,
          chequers_ecumenical_altar_lobes, amcnicky_mini_corridor_feature,
          serial_bayou_pond_d
D:2:      layout_basic, minivault_11, nrook_mini_backslash, uniq_jessica,
          uniq_terence
D:3:      layout_basic, uniq_sigmund
D:4:      layout_cave_pools, minmay_temple_entry_ruins,
          kennysheep_cluttered_room, uniq_natasha
D:5:      layout_loops_ring, nicolae_overflow_hidden_temple,
          nicolae_shop_unique_rings, uniq_prince_ribbit1
D:6:      layout_basic, feat_on_display, uniq_maggie, uniq_grinder
D:7:      layout_loops_ring, lemuel_crystal_altar, zin_treasury,
          mainiacjoe_overflow_24_doors, minivault_26, minmay_fractal_squares_5,
          uniq_crazy_yiuf_cottage, uniq_pikel
D:8:      layout_layer_cave, doesnt_xom_only_xom, lair_entry_dummy,
          gammafunk_ghost_split, enter_bailey_3, uniq_maurice, uniq_psyche
D:9:      minmay_clustersquares, layout_loops_ring,
          mainiacjoe_overflow_divided_tiny, nicolae_elevator_lobby_asterisk,
          uniq_erolcha
D:10:     layout_gridville, orc_0_dummy, serial_shops, shop, minivault_13
Temple:   nicolae_temple_panitentiary
Orc:1:    layout_caves, uniq_jorgrun
Orc:2:    st_orc_congregation, layout_diamond_mine, serial_shops, shop,
          nicolae_orc_flooded_monolith, uniq_urug, uniq_snorg, uniq_donald,
          uniq_josephine
Arena

Skill      XL: |  1  2  3  4  5  6  7  8  9 10 11 12 13 |
---------------+----------------------------------------+-----
Axes           | 4 5 6 7 9 10 12 15 16 | 16.9
Fighting       | 4 5 6 7 8 9 10 11 | 11.3
Throwing       | 1 4 5 6 |  6.8
Invocations    | 1 2 4 5 8 9 10 | 10.7
Evocations     | 1 2 3 5 6 7 |  7.5
Ranged Weapons | 3 6 |  6.6
Dodging        | |  3.2
Stealth        | |  1.5

Action                   |  1- 3 |  4- 6 |  7- 9 | 10-12 | 13-15 || total
-------------------------+-------+-------+-------+-------+-------++-------
Melee: Hand axe          |    83 |    48 |       |       |       ||   131
       Headbutt          |    13 |    25 |    27 |    38 |    27 ||   130
       Punch             |     2 |       |       |       |       ||     2
       War axe           |       |    88 |   196 |    67 |       ||   351
       Battleaxe         |       |       |       |   113 |   118 ||   231
 Fire: Shortbow          |       |       |       |     4 |     8 ||    12
       Arbalest          |       |       |       |       |    81 ||    81
Throw: Boomerang         |    12 |    19 |    21 |    32 |    32 ||   116
Invok: Heroism           |       |     1 |    12 |    13 |     8 ||    34
       Finesse           |       |       |       |     3 |     1 ||     4
       Duel              |       |       |       |     1 |     1 ||     2
Evoke: Wand              |       |       |     2 |    12 |     2 ||    16
  Use: Potion            |     1 |       |     1 |     2 |       ||     4
       Scroll            |     2 |     6 |     3 |    10 |     6 ||    27
 Stab: Sleeping          |     5 |     2 |       |       |       ||     7
Armor: Robe              |    16 |       |       |       |       ||    16
       Chain mail        |       |    52 |    78 |    22 |       ||   152
       Plate armour      |       |       |       |    52 |    96 ||   148
Dodge: Dodged            |    54 |    59 |    60 |    43 |    29 ||   245
Block: Buckler           |       |     2 |    27 |     7 |       ||    36
       Other             |       |       |       |    23 |    28 ||    51
       Reflection        |       |       |       |     1 |     6 ||     7

Table legend: (Time is in decaauts)
 A = Elapsed time spent in this place.
 B = Non-inter-level travel time spent in this place.
 C = Inter-level travel time spent in this place.
 D = Time resting spent in this place.
 E = Time spent auto-exploring this place.
 F = Levels seen in this place.
 G = Mean time per level.
                   A        B        C        D        E       F      G
               +--------+--------+--------+--------+--------+-----+--------+
         Total |  17030 |  15214 |   1816 |   4671 |   7636 |  16 | 1064.4 |
       Dungeon |  12181 |  10390 |   1791 |   1896 |   6436 |  10 | 1218.1 |
        Temple |    113 |     95 |     18 |      0 |     76 |   1 |  113.0 |
  Orcish Mines |   4345 |   4339 |      6 |   2725 |   1068 |   2 | 2172.5 |
        Bailey |    355 |    355 |      0 |     33 |     56 |   1 |  355.0 |
         Arena |     34 |     34 |      0 |     17 |      0 |   2 |   17.0 |
               +--------+--------+--------+--------+--------+-----+--------+

Top non-repeatable levels by time:
   Orc:2: 3494 daAuts
     D:2: 1748 daAuts
     D:6: 1592 daAuts
     D:1: 1571 daAuts
     D:5: 1326 daAuts
     D:9: 1244 daAuts
     D:8: 1179 daAuts
     D:4: 1129 daAuts
     D:7: 1095 daAuts
   Orc:1: 850 daAuts
     D:3: 755 daAuts
    D:10: 537 daAuts
  Bailey: 355 daAuts
  Temple: 113 daAuts
   Arena: 34 daAuts
